 Dungeon Crawl Stone Soup version 0.31-a0-868-g674d60d6f7 (webtiles) character file.

Game seed: 14608403233354310427

264 tatocazan the Shooter (level 6, 0/45 (48) HPs)
             Began as a Formicid Hunter on Oct 11, 2023.
             Slain by a wight
             ... wielding a +5 battleaxe of freezing
              (4 damage)
             ... on level 5 of the Dungeon.
             The game lasted 00:03:35 (2804 turns).

tatocazan the Shooter (Formicid Hunter)             Turns: 2804, Time: 00:03:36

HP:   0/45 (48)     AC: 12    Str: 18    XL:     6   Next: 43%
MP:   6/6           EV: 13    Int:  8    God:
Gold: 118           SH:  0    Dex: 17    Spells: 5/5 levels left

rFire   + . .        a - +0 shortbow
rCold   . . .        (no shield)
rNeg    . . .        k - +4 leather armour of the Snake Pit {rF+}
rPois   .            (helmet unavailable)
rElec   .            (no cloak)
rCorr   .            (no gloves)
SInv    +            f - +0 pair of boots
Will    .....        (no amulet)
Stlth   ++           e - +4 ring of protection
HPRegen 0.27/turn    (no ring)
MPRegen 0.10/turn

%: no passive effects
@: drained
A: permanent stasis, dig shafts and tunnels, antennae 3, four strong arms
a: Dig, Shaft Self


You were on level 5 of the Dungeon.
You visited 1 branch of the dungeon, and saw 4 of its levels.

You collected 118 gold pieces.

Inventory:

Hand Weapons
 a - a +0 shortbow (weapon)
Armour
 f - a +0 pair of boots (worn)
 k - the +4 leather armour of the Snake Pit (worn) {rF+}
   (You found it on level 5 of the Dungeon)

   rF+:       It protects you from fire.
Jewellery
 e - a +4 ring of protection (left hand)
 j - a ring of magical power
Scrolls
 b - a scroll of butterflies
Potions
 g - a potion of cancellation {unknown}
 h - a potion of enlightenment
 i - a potion of resistance {unknown}
 l - a potion of heal wounds {unknown}
 m - 2 potions of curing {unknown}


   Skills:
 * Level 4.2 Fighting
 + Level 4.8 Ranged Weapons
 + Level 2.0 Armour
 + Level 2.9 Dodging
 + Level 3.3 Stealth


You had 5 spell levels left.
You didn't know any spells.
Your spell library contained the following spells:

 Spells                   Type           Power      Damage    Failure   Level
 Arcjolt                  Conj/Air       0%         1d10      100%        5
 Conjure Ball Lightning   Conj/Air       0%         3x3d6     100%        6
 Maxwell's Capacitive Co  Air            0%         ∞         100%        8


Dungeon Overview and Level Annotations

Branches:
Dungeon (3/15)

Altars:


Innate Abilities, Weirdness & Mutations

You cannot be hasted, slowed, berserked, paralysed or teleported.
You can dig through walls and to a lower floor.
You have a pair of large antennae on your head. (SInv)
Your four strong arms can wield two-handed weapons with a shield.


Message History

A wight comes into view.
It is wielding a +5 battleaxe of freezing.
A wight is nearby!
A wight is nearby!
You shoot an arrow. The arrow hits the wight.
The wight is lightly damaged.
You shoot an arrow.
The arrow hits the wight but does no damage.
The wight is lightly damaged.
You shoot an arrow.
The arrow hits the wight but does no damage.
The wight is lightly damaged.
You shoot an arrow.
The arrow hits the wight but does no damage.
The wight is lightly damaged.
You shoot an arrow. The arrow barely misses the wight.
The wight closely misses you.
You shoot an arrow.
The arrow hits the wight but does no damage.
The wight is lightly damaged.
The wight completely misses you.
You shoot an arrow. The arrow closely misses the wight.
The wight closely misses you.
You shoot an arrow. The arrow hits the wight.
The wight is heavily damaged.
The wight hits you with a +5 battleaxe of freezing.
You feel drained. The wight freezes you.
You take 3 damage, and have 45/47 hp.
You shoot an arrow. The arrow hits the wight.
The wight is severely damaged.
The wight hits you with a +5 battleaxe of freezing!
The wight freezes you!
You take 25 damage, and have 20/47 hp.
MASSIVE DAMAGE!!
You are too injured to fight recklessly!
The wight attacks as it pursues you! The wight barely misses you.
You see here a +0 pair of boots.
The wight attacks as it pursues you!
The wight hits you with a +5 battleaxe of freezing!!
* * * LOW HITPOINT WARNING * * *
You feel drained.
You die...

#...## #.# ###..#
#.# ##.## #.# #..#
#.# ##.# #.#
#.#### #.# #....##
#.# ####.?## #z#
##..##
#@################
##..#
#.................
##.##
#.################
#..###.# ##...#.#
###.#.# #.#.#
#.#.# #...#


You could see a wight.

Vanquished Creatures
  An ogre (D:5)
  A scorpion (D:5)
  A jelly (D:5)
  3 gnolls (D:3)
  An adder (D:2)
  A worm (D:2)
  4 ball pythons (D:1)
  An endoplasm (D:1)
  3 giant cockroaches (D:2)
  3 goblins
  8 hobgoblins
  A jackal (D:2)
  6 kobolds
  3 quokkas
  4 bats
  A frilled lizard (D:1)
  4 rats
46 creatures vanquished.

Notes
Turn   | Place    | Note
-------+----------+-------------------------------------------
     0 | D:1      | tatocazan the Formicid Hunter began the quest for the Orb.
     0 | D:1      | Reached XP level 1. HP: 16/16 MP: 1/1
    75 | D:1      | Reached XP level 2. HP: 23/23 MP: 2/2
   413 | D:1      | Reached XP level 3. HP: 28/28 MP: 3/3
  1136 | D:2      | Reached XP level 4. HP: 21/34 MP: 4/4
  2127 | D:3      | You fall into a shaft and drop 2 floors!
  2127 | D:5      | Entered Level 5 of the Dungeon
  2270 | D:5      | Noticed an ogre
  2278 | D:5      | Killed an ogre
  2279 | D:5      | Reached skill level 1 in Armour
  2279 | D:5      | Reached XP level 5. HP: 7/42 MP: 5/5
  2612 | D:5      | Reached XP level 6. HP: 48/48 MP: 6/6
  2687 | D:5      | Identified the +4 leather armour of the Snake Pit {rF+}
  2758 | D:5      | Got a torn book
  2804 | D:5      | Slain by a wight

Illustrated notes

Levels and vault maps discovered:
D:1:      lightli_arrival_statue_moat, layout_basic
D:2:      minmay_spotlight, layout_basic
D:3:      layout_loops_ring, tgw_trog, skrybe_limestone_x, grunt_ministairs_6,
          nicolae_concentric_dashed_squares_mild
D:5:      layout_basic, serial_shops, shop, chequers_serial_rivers_micro_e

Skill      XL: |  1  2  3  4  5  6 |
---------------+-------------------+-----
Dodging        | 2 |  2.9
Stealth        | 2 3 |  3.3
Fighting       | 3 4 |  4.2
Armour         | 1 2 |  2.0
Ranged Weapons | |  4.8

Action                     |  1- 3 |  4- 6 || total
---------------------------+-------+-------++-------
   Fire: Shortbow          |    93 |    76 ||   169
Ability: Dig               |       |     1 ||     1
         Shaft Self        |       |     1 ||     1
    Use: Scroll            |     2 |     3 ||     5
 Armour: Leather armour    |    27 |    41 ||    68
  Dodge: Dodged            |    36 |    46 ||    82

Table legend: (Time is in decaauts)
 A = Elapsed time spent in this place.
 B = Non-inter-level travel time spent in this place.
 C = Inter-level travel time spent in this place.
 D = Time resting spent in this place.
 E = Time spent auto-exploring this place.
 F = Levels seen in this place.
 G = Mean time per level.
                   A        B        C        D        E       F      G
               +--------+--------+--------+--------+--------+-----+--------+
         Total |   2839 |   2808 |     31 |    867 |   1552 |   4 |  709.8 |
       Dungeon |   2839 |   2808 |     31 |    867 |   1552 |   4 |  709.8 |
               +--------+--------+--------+--------+--------+-----+--------+

Top non-repeatable levels by time:
     D:2: 1433 daAuts
     D:5: 684 daAuts
     D:1: 589 daAuts
     D:3: 131 daAuts
